 Dungeon Sprint DCSS version 0.31-a0-986-g5e6e4ef867 (webtiles) character file.

Game seed: 867051423121137912

12562 sircluck the Brawler (level 11, -15/195 HPs)
             Began as a Troll Berserker on Nov 20, 2023.
             Was an Elder of Trog.
             Demolished by a snapping turtle (38 damage)
             ... in the Dungeon (Sprint VII: "The Pits").
             The game lasted 00:03:40 (995 turns).

sircluck the Brawler (Troll Berserker)               Turns: 995, Time: 00:03:41

Health: -15/195    AC:  5    Str: 31    XL:     11   Next: 64%
Magic:  10/10      EV: 13    Int:  3    God:    Trog [****..]
Gold:   0          SH:  0    Dex:  9    Spells: 10/10 levels left

rFire   . .          .
                       - Unarmed
rCold   . . .        (no shield)
rNeg    . . .        p - +0 troll leather armour
rPois   .            (helmet restricted)
rElec   .            (no cloak)
rCorr   .            (gloves unavailable)
SInv    .            (boots unavailable)
Will    .....        (no amulet) Stlth
                     (no ring)
HPRegen 2.12/turn    (no ring)
MPRegen 0.12/turn

%: no teleportation
@: berserking (expiring), flayed, very quick
A: large, unfitting armour, claws 3, regeneration 1, shaggy fur 1, tough skin 1
a: Renounce Religion, Berserk, Trog's Hand, Brothers in Arms


You were in the Dungeon.
You worshipped Trog.
Trog was greatly pleased with you.
You visited 1 branch

Inventory:

Missiles
 o - 3 large rocks
Armour
 a - a +0 animal skin
 p - a +0 troll leather armour (worn)
Jewellery
 k - a +3 ring of protection
 n - a +3 ring of intelligence
Scrolls
 i - 2 scrolls of vulnerability
 j - a scroll of summoning
Potions
 b - 8 potions of curing
 c - 9 potions of heal wounds
 d - 2 potions of haste
 e - 4 potions of magic
 f - 4 potions of berserk rage
 h - 2 potions of invisibility
 l - a potion of resistance
 m - a potion of might


   Skills:
 + Level 14.3 Fighting
 + Level 6.9 Armour
 + Level 14.1 Dodging
 + Level 16.6 Unarmed Combat


You had 10 spell levels left.
You didn't know any spells.
Your spell library was empty.

Dungeon Overview and Level Annotations

Branches:
Dungeon (1/1)

Altars:
Ashenzari
Cheibriados
Dithmenos
Elyvilon
Fedhas
Gozag
Hepliaklqana
Kikubaaqudgha
Makhleb
Nemelex Xobeh
Okawaru
Qazlal
Ru
Sif Muna
Trog
Uskayaw
Vehumet
Wu Jian
Xom
Yredelemnul
Zin
The Shining One
Jiyva
Lugonu


Innate Abilities, Weirdness & Mutations

You are too large for most types of armour.
You have claws for hands.
Your natural rate of healing is unusually fast.
You are covered in fur. (AC +1)
You have tough skin. (AC +1)


Message History

You are too injured to fight recklessly!
Unknown command.
You are too injured to fight recklessly!
Unknown command.
You are too injured to fight recklessly!
Unknown command.
You are too injured to fight recklessly!
You barely miss the death yak.
The death yak is lightly wounded.
You scratch the death yak.
The death yak is lightly wounded.
The death yak barely misses you.
The snapping turtle completely misses you.
You eviscerate the death yak!!!
The death yak is severely wounded.
You eviscerate the death yak!!!
You kill the death yak!
Trog accepts your kill.
The snapping turtle bites you from afar!!
* * * LOW HITPOINT WARNING * * *
The flayed ghost completely misses you.
Items here: ) [ ††.
You barely miss the flayed ghost. You claw the flayed ghost!
The flayed ghost is moderately damaged.
The yak barely misses you. The snapping turtle closely misses you.
The flayed ghost hits you!!
* * * LOW HITPOINT WARNING * * *
You closely miss the flayed ghost.
The flayed ghost is moderately damaged.
You barely miss the flayed ghost.
The flayed ghost is moderately damaged.
The snapping turtle closely misses you.
You barely miss the flayed ghost.
The flayed ghost is moderately damaged.
The yak gores you but does no damage. The flayed ghost hits you!
* * * LOW HITPOINT WARNING * * *
You miss the flayed ghost.
The flayed ghost is moderately damaged.
The snapping turtle bites you!!!
You die...

.##..#....##...#...#.†.#Z.....
.##..')....#...#...#...#YK....
###..'....)'..††.(.Y...W.H....
###..'.....#...#...#...#......
[##..#....##...#...#.W.# .....
[##..#..#####.##...##Z## .#.#
)##..####...#'######)))## ...
)##..##..)......WYrK.#..# .#
)##..#..........@tHg###..# .
##################### ####


You could see a snapping turtle (strong), a flayed ghost, a manticore (strong),
a yak (strong), a kobold brigand, a ball python simulacrum, a quokka and a
goblin.

Vanquished Creatures
  An anaconda (D)
  2 death yaks (D)
  A shadow wraith (D)
  A spriggan druid (D)
  A cyclops (D)
  An elephant (D)
  A black mamba (D)
  A troll (D)
  4 glass eyes (D)
  A jumping spider (D)
  A shadow (D)
  A steam dragon (D)
  An orc warrior (D)
  An ice beast (D)
  A black bear (D)
  A centaur (D)
  A phantom (D)
  A bullfrog (D)
  A necrophage (D)
  2 wights (D)
  A crimson imp (D)
  A jelly (D)
  A gnoll bouda (D)
  A white imp (D)
  An adder zombie (D)
  A worm (D)
  3 orcs (D)
  A hobgoblin (D)
  3 jackals (D)
  3 quokkas (D)
  A ball python skeleton (D)
  2 frilled lizards (D)
44 creatures vanquished.

Vanquished Creatures (collateral kills)
  A two-headed ogre (D)
  Urug (D)
  A demonic crawler (D)
  An orc high priest (D)
  A lindwurm (D)
  An orc sorcerer (D)
  An ugly thing (D)
  5 elephants (D)
  A merfolk siren (D)
  A black mamba (D)
  A glass eye (D)
  A shadow (D)
  A swamp drake (D)
  2 orc warriors (D)
  A small abomination (D)
  A scorpion (D)
  3 wights (D)
  A hound (D)
  A mummy (D)
  5 orcs (D)
31 creatures vanquished.

Grand Total: 75 creatures vanquished

Notes
Turn   | Place    | Note
-------+----------+-------------------------------------------
     0 | D        | sircluck the Troll Berserker began the quest for the Orb.
     0 | D        | Reached XP level 1. HP: 22/22 MP: 0/0
    26 | D        | Found a bloodstained altar of Trog.
    26 | D        | Found a shimmering blue altar of Sif Muna.
    26 | D        | Found a viscous altar of Jiyva.
    26 | D        | Found a hazy altar of Hepliaklqana.
    26 | D        | Found an opulent altar of Gozag.
    27 | D        | Found a glowing golden altar of the Shining One.
    27 | D        | Found a glowing silver altar of Zin.
    27 | D        | Found a basalt altar of Yredelemnul.
    27 | D        | Found a shimmering altar of Xom.
    27 | D        | Found an ornate altar of the Wu Jian Council.
    27 | D        | Found a sacrificial altar of Ru.
    27 | D        | Found a stormy altar of Qazlal.
    27 | D        | Found an iron altar of Okawaru.
    27 | D        | Found a sparkling altar of Nemelex Xobeh.
    27 | D        | Found a burning altar of Makhleb.
    27 | D        | Found a blossoming altar of Fedhas.
    27 | D        | Found a white marble altar of Elyvilon.
    27 | D        | Found a shadowy altar of Dithmenos.
    27 | D        | Found a snail-covered altar of Cheibriados.
    30 | D        | Found a corrupted altar of Lugonu.
    30 | D        | Found a radiant altar of Vehumet.
    31 | D        | Found an ancient bone altar of Kikubaaqudgha.
    31 | D        | Found a hide-covered altar of Uskayaw.
    31 | D        | Found a broken altar of Ashenzari.
    82 | D        | Reached ** piety under Trog
    85 | D        | Noticed a glass eye
    96 | D        | Killed a glass eye
    97 | D        | Reached skill level 5 in Fighting
    97 | D        | Reached skill level 5 in Dodging
    97 | D        | Reached skill level 6 in Unarmed Combat
    97 | D        | Reached XP level 2. HP: 36/36 MP: 1/1
    97 | D        | Reached XP level 3. HP: 44/44 MP: 2/2
    97 | D        | Reached XP level 4. HP: 52/52 MP: 3/3
    97 | D        | Reached XP level 5. HP: 59/59 MP: 4/4
   210 | D        | Noticed a glass eye
   217 | D        | Killed a glass eye
   218 | D        | Reached skill level 8 in Unarmed Combat
   218 | D        | Reached XP level 6. HP: 71/71 MP: 5/5
   219 | D        | Noticed a glass eye
   231 | D        | Killed a glass eye
   231 | D        | Reached *** piety under Trog
   232 | D        | Reached skill level 9 in Unarmed Combat
   232 | D        | Reached XP level 7. HP: 77/79 MP: 6/6
   236 | D        | Reached **** piety under Trog
   310 | D        | Reached ***** piety under Trog
   323 | D        | Reached skill level 10 in Unarmed Combat
   325 | D        | Received a gift from Trog
   394 | D        | Killed a shadow wraith
   395 | D        | Reached skill level 11 in Unarmed Combat
   395 | D        | Reached XP level 8. HP: 62/93 MP: 7/7
   418 | D        | Noticed a glass eye
   427 | D        | Killed a glass eye
   428 | D        | Reached skill level 10 in Fighting
   428 | D        | Reached skill level 10 in Dodging
   433 | D        | Noticed a black mamba
   433 | D        | Noticed an orc high priest
   433 | D        | Noticed an orc sorcerer
   436 | D        | Received a gift from Trog
   438 | D        | Killed an orc high priest
   439 | D        | Reached skill level 12 in Unarmed Combat
   439 | D        | Reached XP level 9. HP: 77/102 MP: 8/8
   440 | D        | Killed a black mamba
   442 | D        | Killed an orc sorcerer
   443 | D        | Reached skill level 13 in Unarmed Combat
   444 | D        | Received a gift from Trog
   603 | D        | Noticed a cyclops
   618 | D        | Killed a cyclops
   622 | D        | Received a gift from Trog
   692 | D        | Noticed a two-headed ogre
   694 | D        | Killed a two-headed ogre
   695 | D        | Reached skill level 14 in Unarmed Combat
   695 | D        | Reached XP level 10. HP: 100/115 MP: 9/9
   709 | D        | Noticed a merfolk siren
   716 | D        | Killed a merfolk siren
   716 | D        | Received a gift from Trog
   811 | D        | Noticed an elephant
   819 | D        | Killed an elephant
   820 | D        | Reached skill level 1 in Armour
   820 | D        | Noticed a demonic crawler
   826 | D        | Noticed Urug
   827 | D        | Received a gift from Trog
   829 | D        | Killed a demonic crawler
   830 | D        | Reached skill level 15 in Unarmed Combat
   834 | D        | Killed Urug
   907 | D        | Noticed an elephant
   907 | D        | Noticed an elephant
   907 | D        | Noticed an elephant
   907 | D        | Noticed an elephant
   907 | D        | Noticed a cyan ugly thing
   907 | D        | Noticed an elephant
   908 | D        | Noticed a lindwurm
   911 | D        | Killed a cyan ugly thing
   912 | D        | Killed an elephant
   913 | D        | Reached XP level 11. HP: 127/127 MP: 10/10
   914 | D        | Received a gift from Trog
   919 | D        | Reached skill level 5 in Armour
   922 | D        | Killed a lindwurm
   923 | D        | Reached skill level 16 in Unarmed Combat
   954 | D        | Noticed a flayed ghost
   954 | D        | Noticed a spriggan druid
   963 | D        | Noticed an anaconda
   963 | D        | Noticed a death yak
   967 | D        | Noticed a death yak
   979 | D        | Killed a death yak
   981 | D        | Killed an anaconda
   983 | D        | Killed a spriggan druid
   989 | D        | Killed a death yak
   995 | D        | Demolished by a snapping turtle

Illustrated notes

Levels and vault maps discovered:
D:        pitsprint [storerooms_1, entrance_room_1, metal_vault_1, armoury_3,
          mini_pit_1, grid_room_1, main_hall_1, silver_pit, the_coven_3,
          the_vestibule_1, steel_vault_2, golden_pit, hallway_of_sentries,
          crystal_vault_1, iron_vault_4, final_vault]

Skill      XL: |  1  2  3  4  5  6  7  8  9 10 11 |
---------------+----------------------------------+-----
Fighting       | 5 7 9 10 12 13 14 | 14.3
Dodging        | 5 7 9 10 12 13 14 | 14.1
Unarmed Combat | 6 8 9 11 12 14 15 16 | 16.6
Armour         | 4 6 |  6.9

Action                     |  1- 3 |  4- 6 |  7- 9 | 10-12 || total
---------------------------+-------+-------+-------+-------++-------
  Melee: Unarmed           |    23 |    16 |    62 |    43 ||   144
         Punch             |       |       |     5 |     5 ||    10
 Invoke: Brothers in Arms  |       |       |     2 |     6 ||     8
         Berserk           |       |       |     1 |     1 ||     2
    Use: Scroll            |       |       |       |     1 ||     1
         Potion            |       |       |       |     1 ||     1
   Stab: Sleeping          |       |     1 |       |       ||     1
 Armour: Animal skin       |     7 |     8 |    50 |     8 ||    73
         Troll leather arm |       |       |       |    40 ||    40
  Dodge: Dodged            |     6 |     5 |    33 |    31 ||    75

Table legend: (Time is in decaauts)
 A = Elapsed time spent in this place.
 B = Non-inter-level travel time spent in this place.
 C = Inter-level travel time spent in this place.
 D = Time resting spent in this place.
 E = Time spent auto-exploring this place.
 F = Levels seen in this place.
 G = Mean time per level.
                   A        B        C        D        E       F      G
               +--------+--------+--------+--------+--------+-----+--------+
         Total |    986 |    986 |      0 |    265 |    238 |   1 |  986.0 |
       Dungeon |    986 |    986 |      0 |    265 |    238 |   1 |  986.0 |
               +--------+--------+--------+--------+--------+-----+--------+

Top non-repeatable levels by time:
       D: 986 daAuts
